 Dungeon Crawl Stone Soup version 0.26.1-2-gb8aa6d0cf2 (console) character file.

Game seed: 15382813890980922675

14224 om the Cleaver (level 11, -20/94 HPs)
             Began as a Minotaur Berserker on Feb 19, 2021.
             Was an Elder of Trog.
             Killed from afar by a deep elf mage (23 damage)
             ... with a bolt of lightning
             ... on level 12 of the Dungeon.
             The game lasted 00:27:26 (13371 turns).

om the Cleaver (Minotaur Berserker)                Turns: 13371, Time: 00:27:26

Health: -20/94     AC: 10    Str: 24    XL:     11   Next: 85%
Magic:  10/10      EV: 21    Int:  4    God:    Trog [****..]
Gold:   716        SH:  0    Dex: 11    Spells: 10/10 levels left

rFire    . . .     SeeInvis .   a - +3 war axe (freeze)
rCold    . . .     Faith    .   (no shield)
rNeg     . . .     Spirit   .   y - +1 ring mail {Will+}
rPois    +         Reflect  .   (helmet restricted)
rElec    .         Harm     .   (no cloak)
rCorr    .         Rampage  .   (no gloves)
Will     +....                  i - +0 pair of boots
Stlth    +.........             O - amulet of the acrobat
HPRegen  0.25/turn              o - +4 ring of evasion
MPRegen  0.12/turn              G - ring of poison resistance

@: berserk cooldown, slowed, very slow
A: retaliatory headbutt, horns 2
a: Renounce Religion, Berserk, Trog's Hand, Brothers in Arms


You were on level 12 of the Dungeon.
You worshipped Trog.
Trog was greatly pleased with you.
You visited 1 branch of the dungeon, and saw 12 of its levels.

You collected 716 gold pieces.

Inventory:

Hand Weapons
 a - a +3 war axe of freezing (weapon)
 b - a +2 vorpal shortbow
 L - a +2 executioner's axe
Missiles
 B - 217 arrows
Armour
 i - a +0 pair of boots (worn)
 y - a +1 ring mail of willpower (worn)
 D - a +0 chain mail
Jewellery
 g - an uncursed amulet of regeneration
 o - a +4 ring of evasion (left hand)
 r - a +4 ring of protection
 A - an uncursed ring of stealth
 G - a ring of poison resistance (right hand)
 J - an uncursed amulet of faith
 O - an amulet of the acrobat (around neck)
Wands
 k - a wand of enslavement (4)
 l - a wand of acid (11)
 p - a wand of flame (42)
 C - a wand of digging (4)
 E - a wand of random effects (39)
 P - a wand of iceblast (16)
 S - a wand of paralysis (10)
Scrolls
 d - 2 scrolls of remove curse
 e - a scroll of noise {unknown}
 f - 6 scrolls of magic mapping
 j - 7 scrolls of teleportation
 t - 5 scrolls of enchant weapon
 u - a scroll of fear {unknown}
 v - 2 scrolls of enchant armour {unknown}
 w - 2 scrolls of fog
 x - 2 scrolls of random uselessness
 z - a scroll of immolation {unknown}
 F - a scroll of amnesia {unknown}
 R - a scroll of summoning {unknown}
Potions
 c - 4 potions of curing
 h - a potion of invisibility
 m - 2 potions of might
 n - 3 potions of flight
 q - 2 potions of berserk rage
 s - a potion of haste
 H - a potion of ambrosia
 I - a potion of magic {unknown}
 M - a potion of experience {unknown}
 N - 2 potions of heal wounds
 Q - a potion of brilliance


   Skills:
 - Level 8.0 Fighting
 * Level 12.8 Axes
 * Level 2.4 Bows
 + Level 11.4 Armour
 * Level 12.5 Dodging


You had 10 spell levels left.
You didn't know any spells.
Your spell library was empty.

Dungeon Overview and Level Annotations

Branches:
Dungeon (12/15)            Temple (0/1) D:7             Orc (0/2) D:11
   Lair: D:8-11

Altars:
Cheibriados
Makhleb
Nemelex Xobeh
Ru
Uskayaw
Vehumet
Wu Jian
Zin


Innate Abilities, Weirdness & Mutations

You reflexively headbutt those who attack you in melee.
You have a pair of horns on your head.


Message History

The deep elf mage blinks!
The deep elf mage mumbles some strange words.
The deep elf mage blinks!
You are too berserk!
You feel a strong urge to attack something.
The deep elf mage mumbles some strange words.
The deep elf mage blinks!
You feel your anger nearly subside.
You are no longer berserk.
You are exhausted.
You feel yourself slow down.
The deep elf mage points at you and mumbles some strange words.
The bolt of lightning hits you!! The deep elf mage casts a spell at you.
The bolt of lightning hits you!!
* * * LOW HITPOINT WARNING * * *
You hit the deep elf mage. You freeze the deep elf mage.
The deep elf mage is almost dead.
The deep elf mage points at you and mumbles some strange words.
The bolt of lightning hits you!!
You die...

##.......# ###
##...###### ..# #.....##
####.# .......##
##.##.####
........####........####
........+....?..........
.:......##>#...#.##.####
.......###.#..##.#
#.....## #.#.....#
##...## #.#..##e# ##'##
#.#..##@#
#.######.#†.##.##
#.##..............#
##.##.##############
##...#.# #......#
##...#.# ##.##.# ......#
########


You could see a deep elf mage.

Vanquished Creatures
  A boulder beetle (D:10)
  A centaur warrior (D:10)
  An ugly thing (D:11)
  A gargoyle (D:10)
  3 trolls
  Prince Ribbit (D:5)
  Grinder (D:6)
  A meliai zombie (D:12)
  5 slime creatures (D:12)
  A human (D:11)
  10 yaks (D:11)
  Menkaure (D:6)
  A warg (D:11)
  Edmund (D:5)
  3 water moccasins
  3 ice beasts
  A black bear (D:11)
  7 orc warriors
  8 sky beasts
  8 ogres
  A necrophage (D:7)
  7 centaurs
  6 bullfrogs
  A gnoll sergeant (D:8)
  A wyvern zombie (D:8)
  5 scorpions
  A water moccasin skeleton (D:7)
  10 killer bees
  17 wights
  3 howler monkeys (D:11)
  2 electric eels (D:7)
  A quasit (D:8)
  2 bullfrog zombies
  9 hounds
  2 jellies (D:6)
  10 orc wizards
  3 centaur zombies
  7 orc priests
  A bullfrog skeleton (D:12)
  3 centaur skeletons
  Terence (D:3)
  2 iguanas
  13 worker ants
  2 hound skeletons
  5 gnolls
  8 adders
  2 shadow imps
  2 white imps
  2 ufetubi (D:8)
  4 oozes
  An adder skeleton (D:5)
  2 adder zombies
  2 worms
  3 dart slugs
  9 leopard geckos
  55 orcs
  5 giant cockroaches
  5 goblins
  3 hobgoblins
  7 jackals
  14 kobolds
  4 quokkas
  4 ball pythons
  A ball python skeleton (D:6)
  9 bats
  3 frilled lizards
  A jackal skeleton (D:8)
  A jackal zombie (D:5)
  8 rats
329 creatures vanquished.

Vanquished Creatures (collateral kills)
  A hydra (D:11)
1 creature vanquished.

Vanquished Creatures (others)
  A gnoll (D:8)
  7 fungi (D:9)
  27 plants
35 creatures vanquished.

Grand Total: 365 creatures vanquished

Notes
Turn   | Place    | Note
-------+----------+-------------------------------------------
     0 | D:1      | om the Minotaur Berserker began the quest for the Orb.
     0 | D:1      | Reached XP level 1. HP: 19/19 MP: 0/0
   181 | D:1      | Reached XP level 2. HP: 24/27 MP: 1/1
   905 | D:1      | Reached XP level 3. HP: 28/33 MP: 2/2
  1345 | D:2      | Reached ** piety under Trog
  1565 | D:2      | Reached XP level 4. HP: 39/40 MP: 3/3
  1730 | D:2      | Reached skill level 5 in Axes
  1981 | D:2      | Found an ornate altar of the Wu Jian Council.
  2038 | D:2      | Found a sacrificial altar of Ru.
  2263 | D:3      | Noticed Terence
  2268 | D:3      | Killed Terence
  2269 | D:3      | Reached XP level 5. HP: 43/46 MP: 4/4
  2583 | D:3      | Found a glowing silver altar of Zin.
  2833 | D:4      | Noticed an ogre
  2839 | D:4      | Killed an ogre
  2840 | D:4      | Reached XP level 6. HP: 52/52 MP: 5/5
  3129 | D:4      | Reached *** piety under Trog
  3248 | D:4      | Reached skill level 5 in Armour
  3248 | D:4      | Reached XP level 7. HP: 50/59 MP: 6/6
  3263 | D:4      | Found a sparkling altar of Nemelex Xobeh.
  3408 | D:5      | Entered Level 5 of the Dungeon
  3461 | D:5      | Reached skill level 5 in Dodging
  3684 | D:5      | Reached XP level 8. HP: 66/66 MP: 7/7
  3947 | D:5      | Noticed Prince Ribbit
  4271 | D:5      | Killed Prince Ribbit
  4418 | D:5      | Noticed Edmund
  4427 | D:5      | Killed Edmund
  4740 | D:6      | Found a burning altar of Makhleb.
  4878 | D:6      | Reached **** piety under Trog
  4995 | D:6      | Reached XP level 9. HP: 60/72 MP: 8/8
  5132 | D:6      | Found a snail-covered altar of Cheibriados.
  5203 | D:6      | Noticed Grinder
  5209 | D:6      | Killed Grinder
  5649 | D:6      | Noticed Menkaure
  5658 | D:6      | Killed Menkaure
  5957 | D:6      | Reached skill level 5 in Fighting
  6724 | D:7      | Found a staircase to the Ecumenical Temple.
  7471 | D:8      | Reached ***** piety under Trog
  7497 | D:8      | Found a radiant altar of Vehumet.
  7745 | D:8      | Reached XP level 10. HP: 73/83 MP: 9/9
  7895 | D:8      | Reached skill level 10 in Armour
  8021 | D:8      | Reached skill level 10 in Dodging
  8417 | D:8      | Reached skill level 10 in Axes
  8563 | D:9      | Received a gift from Trog
  9009 | D:10     | Entered Level 10 of the Dungeon
  9098 | D:10     | Noticed a gargoyle
  9112 | D:10     | Killed a gargoyle
  9296 | D:10     | Noticed a centaur warrior
  9297 | D:10     | Found an ornate altar of the Wu Jian Council.
  9304 | D:10     | Killed a centaur warrior
  9310 | D:10     | Noticed a boulder beetle
  9379 | D:10     | Found a hide-covered altar of Uskayaw.
  9411 | D:10     | Killed a boulder beetle
 10355 | D:11     | Reached XP level 11. HP: 81/92 MP: 10/10
 10782 | D:11     | Noticed a purple ugly thing
 10791 | D:11     | Killed a purple ugly thing
 10909 | D:11     | Found a staircase to the Orcish Mines.
 11948 | D:12     | Noticed a six-headed hydra
 11962 | D:11     | Killed a seven-headed hydra
 12796 | D:12     | Reached skill level 1 in Bows
 13354 | D:12     | Noticed a deep elf mage
 13370 | D:12     | HP: 3/94 [deep elf mage/bolt of lightning (27)]
 13371 | D:12     | Killed from afar by a deep elf mage

Illustrated notes

Levels and vault maps discovered:
D:1:      amcnicky_arrival_gap_in_the_tavern_cellar, layout_basic,
          hangedman_decor_points, chequers_serial_rivers_large_a
D:2:      layout_loops_corners, lemuel_coloured_pillars_altar,
          general_overflow_altar, serial_glass, glass_columns_a,
          glass_columns_b, feat_on_display, minmay_strange_pillars,
          minmay_strange_pillars
D:3:      layout_basic, zin_scriptorium, uniq_terence
D:4:      layout_basic, nemelex_xobeh_ov_fountains_minmay, solitary_fountain
D:5:      minmay_skewed_foursquare, layout_cave_pods, uniq_edmund,
          uniq_prince_ribbit1
D:6:      kennysheep_big_flooded_room, layout_loops_corners,
          kennysheep_slug_shrine, basic_altar, serial_bayou_pond_e,
          uniq_grinder, uniq_menkaure
D:7:      layout_basic, minmay_temple_entry_arrows, serial_bayou,
          serial_bayou_pond_e, serial_bayou_pond_d, serial_bayou_ford_a,
          serial_bayou_shore_b, serial_bayou_crossing
D:8:      layout_basic, vehumet_crystals, minmay_misc_feat_four_crosses
D:9:      layout_roguey, lemuel_mausoleum_altar_yredelemnul,
          due_lair_maze_entry_diamond, grunt_ministairs_6, tso_altar,
          uniq_joseph
D:10:     layout_rooms, nzn_masters_of_martial_movement
D:11:     layout_gridville, erik_orc_4
D:12:     layout_loops_corners

Skill      XL: |  1  2  3  4  5  6  7  8  9 10 11 |
---------------+----------------------------------+-----
Axes           | 4 5 6 7 9 11 12 | 12.8
Fighting       | 4 5 7 8 |  8.0
Armour         | 3 4 5 7 9 10 11 | 11.4
Dodging        | 3 4 6 8 9 11 12 | 12.5
Bows           | 2 |  2.4

Action                   |  1- 3 |  4- 6 |  7- 9 | 10-12 || total
-------------------------+-------+-------+-------+-------++-------
Melee: Hand axe          |    61 |   151 |    51 |       ||   263
       Headbutt          |    10 |    24 |    54 |    65 ||   153
       War axe           |       |       |    65 |   305 ||   370
       Battleaxe         |       |       |   171 |       ||   171
       Executioner's axe |       |       |       |    20 ||    20
Invok: Berserk           |       |     1 |     7 |     9 ||    17
       Brothers in Arms  |       |       |       |     1 ||     1
Evoke: Wand              |       |       |       |     3 ||     3
  Use: Scroll            |     1 |     1 |    11 |     6 ||    19
       Potion            |       |       |       |     1 ||     1
Armor: Animal skin       |    14 |    16 |       |       ||    30
       Ring mail         |       |     4 |    75 |    65 ||   144
Dodge: Dodged            |    38 |    95 |   234 |   367 ||   734
